 Dungeon Crawl Stone Soup version 0.26-a0-50-gc4d14cd842 (webtiles) character file.

Game seed: 7794609235831214138

87 MisterFreud the Skirmisher (level 4, -1/40 HPs)
             Began as a Formicid Abyssal Knight on June 4, 2020.
             Was a Follower of Lugonu.
             Succumbed to Ijyb's poison
             ... on level 3 of the Dungeon.
             The game lasted 00:03:11 (2748 turns).

MisterFreud the Skirmisher (FoAK)                   Turns: 2748, Time: 00:03:12

Health: -1/40      AC:  3    Str: 18    XL:     4   Next: 80%
Magic:  14/14      EV: 11    Int: 11    God:    Lugonu [*.....]
Gold:   125        SH:  0    Dex: 10    Spells: 3/3 levels left

rFire    . . .     SeeInvis +   a - +1 hand axe
rCold    . . .     Gourm    .   (no shield)
rNeg     . . .     Faith    .   b - +0 leather armour
rPois    .         Spirit   .   (helmet unavailable)
rElec    .         Reflect  .   (no cloak)
rCorr    .         Harm     .   (no gloves)
MR       .....                  (no boots)
Stlth    ..........             (no amulet)
HPRegen  0.13/turn              d - ring of magical power
MPRegen  0.14/turn              (no ring)

@: confused, brilliant, lethally poisoned (-1 -> -70)
A: permanent stasis, dig shafts and tunnels, four strong arms, antennae 3
a: Dig, Shaft Self, Depart the Abyss, Renounce Religion


You were on level 3 of the Dungeon.
You worshipped Lugonu.
Lugonu was aware of your devotion.
You were hungry.

You visited 1 branch of the dungeon, and saw 3 of its levels.
You visited the Abyss 1 time.

You collected 125 gold pieces.

Inventory:

Hand Weapons
 a - a +1 hand axe (weapon)
Missiles
 e - 61 stones (quivered)
 f - 23 poisoned darts
 i - 17 arrows
 j - 25 bolts
Armour
 b - a +0 leather armour (worn)
Jewellery
 d - a ring of magical power (left hand)
Scrolls
 g - a scroll of remove curse
Comestibles
 c - 4 rations


   Skills:
 + Level 5.7 Fighting
 - Level 2.0 Axes
 - Level 2.1 Armour
 - Level 0.8 Dodging
 - Level 2.1 Invocations


You had 3 spell levels left.
You didn't know any spells.
Your spell library was empty.

Dungeon Overview and Level Annotations

Branches:
Dungeon (3/15)

Altars:
Ru

Annotations:
D:3 Ijyb


Innate Abilities, Weirdness & Mutations

You cannot be hasted, slowed, berserked, paralysed or teleported.
You can dig through walls and to a lower floor.
Your four strong arms can wield two-handed weapons with a shield.
You have a pair of large antennae on your head. (SInv)


Message History

Unknown command.
Unknown command.
You hit Ijyb.
Ijyb is lightly wounded.
You feel less invigorated.
You feel less confused.
* * * LOW HITPOINT WARNING * * *
You feel very sick.
Ijyb hits you with a +2 dagger of venom.
* * * LOW HITPOINT WARNING * * *
You are more poisoned.
Unknown command.
Unknown command.
You are confused.
You feel invigorated.
* * * LOW HITPOINT WARNING * * *
You feel very sick. Ijyb closely misses you.
You're too confused to move!
You die...

...#....#....#.
.....#.....#...
.#.....(#......
....#.......#..
...!..ow.....(.
...{.sKg5...#
#####{Sg#####
###g# #@# #.#
#.# #.# { #.# {
#.# { ..# #.#
#.#


You could see Ijyb, an adder, a shadow imp, a dart slug, an orc, a giant
cockroach, a hobgoblin, a goblin and a kobold.

Vanquished Creatures
  2 adders (D:2)
  An ooze (D:2)
  6 dart slugs
  A ball python (D:2)
  8 bats
  5 giant cockroaches
  6 hobgoblins
  5 frilled lizards
  6 goblins
  7 kobolds
  5 rats
52 creatures vanquished.

Notes
Turn   | Place    | Note
-------+----------+-------------------------------------------
     0 | Abyss:1  | MisterFreud the Formicid Abyssal Knight began the quest for
                  | the Orb.
     0 | Abyss:1  | Reached XP level 1. HP: 18/18 MP: 2/2
    24 | Abyss:1  | Noticed a smoke demon
    26 | D:1      | Escaped the Abyss
   276 | D:1      | Reached XP level 2. HP: 16/25 MP: 3/3
   410 | D:1      | Reached skill level 4 in Fighting
   485 | D:1      | Reached * piety under Lugonu
   549 | D:1      | Reached XP level 3. HP: 24/31 MP: 4/4
  1209 | D:1      | Reached skill level 5 in Fighting
  1534 | D:2      | Reached XP level 4. HP: 24/39 MP: 5/5
  2006 | D:2      | Found a sacrificial altar of Ru.
  2290 | D:2      | Reached ** piety under Lugonu
  2710 | D:3      | Noticed Ijyb
  2746 | D:3      | HP: 2/40 [Ijyb/+2 dagger of venom (3)]
  2748 | D:3      | Succumbed to Ijyb's poison

Illustrated notes

Levels and vault maps discovered:
D:1:      minmay_arrival_wavy_path, layout_basic, grunt_decor_clamped
D:2:      layout_basic, nicolae_ru_sacrificial_ziggurat
D:3:      layout_loops_ring, portal_sewer_entry_e, first_ration,
          minmay_increasing_density, uniq_ijyb

Skill      XL: |  1  2  3 |
---------------+----------+-----
Fighting       | 4 5 |  5.7
Axes           | |  2.0
Armour         | |  2.1
Dodging        | |  0.8
Invocations    | |  2.1

Action                   |  1- 3 |  4- 6 || total
-------------------------+-------+-------++-------
Melee: Hand axe          |   118 |    59 ||   177
Invok: Depart the Abyss  |     1 |       ||     1
  Use: Scroll            |     1 |     3 ||     4
       Potion            |       |     3 ||     3
  Eat: Chunk             |     2 |     3 ||     5
Armor: Leather armour    |    25 |    14 ||    39
Dodge: Dodged            |    87 |    33 ||   120

Table legend:
 A = Non-vault XP
 B = Vault XP
 C = Vault XP percentage of total XP
 D = Non-vault monster count
 E = Vault monster count
 F = Vault count percentage of total count
                 A         B        C        D         E       F
            +---------+---------+-------+---------+---------+-------
      Total |     125 |       0 |   0.0 |      52 |       0 |   0.0
            +---------+---------+-------+---------+---------+-------
        D:1 |      67 |       0 |   0.0 |      35 |       0 |   0.0
        D:2 |      58 |       0 |   0.0 |      17 |       0 |   0.0
            +---------+---------+-------+---------+---------+-------
